 Dungeon Crawl Stone Soup version 0.30-a0-4-ga7cffc901d (webtiles) character file.

Game seed: 15933047362453998661

1472 greenreed the Shooter (level 8, -1/44 HPs)
             Began as a Deep Elf Arcane Marksman on Aug 21, 2022.
             Was an Initiate of Nemelex Xobeh.
             Killed from afar by a steam dragon (15 damage)
             ... with a ball of steam
             ... on level 6 of the Dungeon.
             The game lasted 00:31:29 (7683 turns).

greenreed the Shooter (Deep Elf Arcane Marksman)    Turns: 7683, Time: 00:31:31

Health: -1/44      AC:  3    Str:  7    XL:     8   Next: 49%
Magic:  12/21      EV: 13    Int: 21    God:    Nemelex Xobeh [......]
Gold:   204        SH:  0    Dex: 15    Spells: 20/22 levels left

rFire   . . .      SeeInvis +    a - +1 sling
rCold   . . .      Faith    .    (no shield)
rNeg    . . .      Spirit   .    c - +0 robe
rPois   .          Reflect  .    (no helmet)
rElec   .          Harm     .    A - +0 cloak
rCorr   .          Rampage  .    (no gloves)
Will    .....                    (no boots)
Stlth   ++........               (no amulet)
HPRegen 0.14/turn                q - ring of see invisible
MPRegen 0.17/turn                (no ring)

@: very slightly contaminated
A: no striking features
a: Renounce Religion, Draw Escape, Draw Destruction, Draw Summoning


You were on level 6 of the Dungeon.
You worshipped Nemelex Xobeh.
Nemelex Xobeh was noncommittal.
You visited 1 branch of the dungeon, and saw 6 of its levels.
You also visited: Sewer.

You collected 237 gold pieces.
You spent 33 gold pieces at shops.

Inventory:

Hand Weapons
 a - a +1 sling (weapon)
 p - a +0 whip of electrocution
 t - a +0 arbalest
 y - a +3 quarterstaff of chaos
Missiles
 n - 2 curare-tipped darts
 v - 17 poisoned darts
 w - 4 atropa-tipped darts
 F - a throwing net
Armour
 c - a +0 robe (worn)
 A - a +0 cloak (worn)
Jewellery
 q - a ring of see invisible (left hand)
 B - a ring of protection from cold
Wands
 o - a wand of polymorph (6)
 u - a wand of flame (33)
 G - a wand of quicksilver (3)
Scrolls
 b - 2 scrolls of poison
 g - 5 scrolls of noise
 k - a scroll of enchant armour
 l - a scroll of amnesia
 m - a scroll of summoning
 x - 4 scrolls of teleportation
 D - a scroll of torment {unknown}
 E - 4 scrolls of blinking
Potions
 d - a potion of invisibility {unknown}
 e - 3 potions of curing
 f - a potion of degeneration {unknown}
 h - 2 potions of mutation
 i - a potion of ambrosia
 j - a potion of heal wounds {unknown}
 r - a potion of brilliance
 s - a potion of lignification {unknown}
 z - 2 potions of might {unknown}
 C - 2 potions of resistance {unknown}


   Skills:
 + Level 2.2 Fighting
 + Level 7.8 Ranged Weapons
 + Level 3.4 Dodging
 + Level 1.7 Stealth
 * Level 7.6 Spellcasting
 + Level 2.9 Conjurations
 + Level 6.4 Hexes
 + Level 2.9 Fire Magic


You had 20 spell levels left.
You knew the following spells:

 Your Spells              Type           Power      Damage    Failure   Level
a - Slow                  Hex            100%       N/A       1%          1
b - Foxfire               Conj/Fire      80%        2x1d8     2%          1

Your spell library contained the following spells:

 Spells                   Type           Power      Damage    Failure   Level
 Inner Flame              Hex/Fire       27%        N/A       3%          3
 Cause Fear               Hex            17%        N/A       6%          4
 Portal Projectile        Hex/Tloc       42%        N/A       7%          3
 Conjure Flame            Conj/Fire      20%        6-21      8%          3
 Apportation              Tloc           14%        N/A       9%          1
 Ignite Poison            Fire/Tmut/Pois 12%        N/A       17%         3
 Flame Wave               Conj/Fire      20%        2d7       24%         4
 Sticky Flame             Conj/Fire      20%        2d4       24%         4
 Alistair's Intoxication  Tmut/Pois      4%         N/A       93%         5


Dungeon Overview and Level Annotations

Branches:
Dungeon (6/15)              Sewer (visited)
 Temple: D:4-7

Altars:
Dithmenos
Nemelex Xobeh
Okawaru
Qazlal
Ru

Shops:
D:2 ?   D:5 :!:=

Annotations:
D:5 Grinder


Message History

Confirm with . or Enter, or press ? or * to list all spells.
You conjure some foxfire!
The foxfire hits the steam dragon but does no damage.
The steam dragon is heavily wounded.
The foxfire hits the steam dragon.
The steam dragon is heavily wounded.
The foxfire hits the steam dragon.
The steam dragon is severely wounded.
Casting: Foxfire (safe; 2% risk of failure)
Confirm with . or Enter, or press ? or * to list all spells.
You miscast Foxfire.
You are very lightly contaminated with residual magic.
Nothing appears to happen.
The foxfire hits the steam dragon.
The steam dragon is severely wounded.
Casting: Foxfire (safe; 2% risk of failure)
Confirm with . or Enter, or press ? or * to list all spells.
You conjure some foxfire!
Unknown command.
Casting: Foxfire (safe; 2% risk of failure)
Confirm with . or Enter, or press ? or * to list all spells.
You conjure some foxfire!
The foxfire hits the steam dragon.
The steam dragon is almost dead.
The steam dragon breathes steam at you. The ball of steam hits your foxfire.
Your foxfire resists.
The ball of steam hits you!!
* * * LOW HITPOINT WARNING * * *
Your foxfire dissipates!
Casting: Foxfire (safe; 2% risk of failure)
Confirm with . or Enter, or press ? or * to list all spells.
You miscast Foxfire.
Nothing appears to happen.
The foxfire hits the steam dragon but does no damage.
The steam dragon is almost dead.
Casting: Foxfire (safe; 2% risk of failure)
Confirm with . or Enter, or press ? or * to list all spells.
You conjure some foxfire!
The steam dragon breathes steam at you. The ball of steam hits you!
You die...
Your body disappears without a glow.

#.).....#.....##..
#.......#.....##..
#...###.#.........
#.D.#_#.#......)..
#..##)###......)..
#.##...##.....##..
#§#..#..#.....####
##§#.###.#.....##
#v@#.###.##.....#
#v##.#_...##....#
#.'..#...._#...##
####.#_...##...#
#.###.##....#
#.###.#.....#
#..#..#######
##...## ##.##


There were no monsters in sight!

Vanquished Creatures
  Menkaure (D:5)
  Pargi (Sewer)
  2 black bears
  2 ogres
  A centaur (D:5)
  A phantom (D:5)
  A necrophage (D:4)
  A scorpion (D:5)
  A wight (D:6)
  3 orc priests (D:4)
  2 hounds
  Crazy Yiuf (D:3)
  Ijyb (D:5)
  2 iguanas
  3 orc wizards
  Robin (D:2)
  8 gnolls
  5 adders
  2 worms
  5 dart slugs
  12 orcs
  11 bats
  5 endoplasms
  6 giant cockroaches
  15 goblins
  8 hobgoblins
  4 jackals
  7 kobolds
  6 quokkas
  2 ball pythons
  2 frilled lizards
  7 rats
129 creatures vanquished.

Vanquished Creatures (others)
  310 foxfires
310 creatures vanquished.

Grand Total: 439 creatures vanquished

Notes
Turn   | Place    | Note
-------+----------+-------------------------------------------
     0 | D:1      | greenreed the Deep Elf Arcane Marksman began the quest for
                  | the Orb.
     0 | D:1      | Reached XP level 1. HP: 11/11 MP: 5/5
    57 | D:1      | Reached skill level 1 in Fighting
   132 | D:1      | Reached XP level 2. HP: 16/16 MP: 6/6
   864 | D:1      | Reached XP level 3. HP: 20/20 MP: 7/7
  1059 | D:2      | Found a faded altar of an unknown god.
  1211 | D:2      | Found Qiacut's Magic Scroll Shop.
  1224 | D:2      | Bought a scroll of identify for 22 gold pieces
  1224 | D:2      | Bought a scroll of noise for 11 gold pieces
  1264 | D:2      | You fall into a shaft and drop 1 floor!
  1554 | D:2      | Reached XP level 4. HP: 22/25 MP: 8/8
  1575 | D:2      | Noticed Robin
  1581 | D:2      | Killed Robin
  1793 | D:2      | Reached skill level 5 in Ranged Weapons
  2814 | D:2      | Reached XP level 5. HP: 27/30 MP: 6/10
  3108 | D:3      | Learned a level 1 spell: Foxfire
  3407 | D:3      | Found a shadowy altar of Dithmenos.
  3791 | D:3      | Found a runed translucent door.
  3792 | D:3      | Noticed Crazy Yiuf
  4005 | D:3      | Killed Crazy Yiuf
  4202 | D:4      | Noticed an ogre
  4227 | D:4      | Killed an ogre
  4228 | D:4      | Reached XP level 6. HP: 35/35 MP: 10/12
  4333 | D:4      | Reached skill level 1 in Conjurations
  4333 | D:4      | Reached skill level 5 in Hexes
  4333 | D:4      | Reached skill level 1 in Fire Magic
  4692 | D:4      | Reached skill level 1 in Stealth
  4846 | D:4      | Reached XP level 7. HP: 30/40 MP: 9/14
  5412 | D:5      | Entered Level 5 of the Dungeon
  5492 | D:5      | Found Woymn's Distillery.
  5492 | D:5      | Found Zeing's Jewellery Shop.
  5492 | D:5      | Found Lanaf's Book Shop.
  5492 | D:5      | Found Iniaso's Book Shop.
  5559 | D:5      | Noticed Ijyb
  5837 | D:5      | Found a glowing drain.
  5843 | Sewer    | Entered a sewer
  5937 | Sewer    | Noticed Pargi
  5945 | Sewer    | Killed Pargi
  5946 | Sewer    | Reached skill level 5 in Spellcasting
  6327 | D:5      | Reached XP level 8. HP: 44/44 MP: 9/18
  6559 | D:5      | Noticed Menkaure
  6576 | D:5      | Killed Menkaure
  6987 | D:5      | Killed Ijyb
  7084 | D:5      | Found an iron altar of Okawaru.
  7087 | D:5      | Noticed Grinder
  7518 | D:6      | Found a faded altar of an unknown god.
  7518 | D:6      | Found a stormy altar of Qazlal.
  7526 | D:6      | Found a sacrificial altar of Ru.
  7528 | D:6      | Found a sparkling altar of Nemelex Xobeh.
  7530 | D:6      | Found a faded altar of an unknown god.
  7544 | D:6      | Became a worshipper of Nemelex Xobeh the Trickster
  7683 | D:6      | Killed from afar by a steam dragon

Illustrated notes

Levels and vault maps discovered:
D:1:      minmay_arrival_four_circles, layout_loops_ring, minmay_tall_x
D:2:      layout_basic, serial_shops, shop, chequers_ecumenical_altar_twisty,
          minmay_tromino_v4_b, uniq_robin
D:3:      layout_rooms, nicolae_dithmenos_shadow_blocks, serial_aquarium,
          aquarium_bridge_square [aquarium_subvault_bridge,
          aquarium_subvault_wall, aquarium_subvault_bridge,
          aquarium_subvault_wall], aquarium_window_1,
          aquarium_window_corridor_3, aquarium_window_2, aquarium_window_corner,
          aquarium_view_2e, aquarium_view_4, aquarium_balcony_double_1,
          minmay_misc_feat_columns, uniq_crazy_yiuf_cottage
D:4:      layout_basic, chequers_serial_rivers_room_b
D:5:      layout_rooms, lemuel_tele_altar,
          nicolae_ossuary_entry_false_entrances, gup_sewer_entry_bubbles,
          minmay_shop_grid_forest, nrook_pool_corridor,
          chequers_serial_rivers_micro_d, dreamdust_princess_corridor,
          uniq_grinder, uniq_ijyb, uniq_menkaure
D:6:      layout_gridville, nicolae_uskayaw_dance_hall,
          chequers_temple_overflow_minitemple, mainiacjoe_overflow_alcove_4,
          mainiacjoe_overflow_surrounded_room

Skill      XL: |  1  2  3  4  5  6  7  8 |
---------------+-------------------------+-----
Fighting       | 1 2 |  2.2
Ranged Weapons | 3 4 5 6 7 |  7.8
Spellcasting   | 2 3 5 7 |  7.6
Conjurations   | 1 2 |  2.9
Hexes          | 5 6 |  6.4
Fire Magic     | 1 2 |  2.9
Stealth        | 1 |  1.7
Dodging        | 3 |  3.4

Action                   |  1- 3 |  4- 6 |  7- 9 || total
-------------------------+-------+-------+-------++-------
 Fire: Sling             |   146 |   148 |    40 ||   334
 Cast: Slow              |    10 |    28 |    35 ||    73
       Foxfire           |       |    54 |   130 ||   184
  Use: Scroll            |     2 |       |     7 ||     9
Armor: Robe              |    24 |    16 |     6 ||    46
Dodge: Dodged            |    41 |    41 |    26 ||   108

Table legend: (Time is in decaauts)
 A = Elapsed time spent in this place.
 B = Non-inter-level travel time spent in this place.
 C = Inter-level travel time spent in this place.
 D = Time resting spent in this place.
 E = Time spent auto-exploring this place.
 F = Levels seen in this place.
 G = Mean time per level.
                   A        B        C        D        E       F      G
               +--------+--------+--------+--------+--------+-----+--------+
         Total |   7774 |   7215 |    559 |    214 |   5583 |   7 | 1110.6 |
       Dungeon |   7582 |   7023 |    559 |    214 |   5430 |   6 | 1263.7 |
         Sewer |    191 |    191 |      0 |      0 |    153 |   1 |  191.0 |
               +--------+--------+--------+--------+--------+-----+--------+

Top non-repeatable levels by time:
     D:2: 1931 daAuts
     D:4: 1633 daAuts
     D:3: 1314 daAuts
     D:5: 1294 daAuts
     D:1: 988 daAuts
     D:6: 419 daAuts
   Sewer: 191 daAuts
